 Dungeon Crawl Stone Soup version 0.19.5 (webtiles) character file.

34 tidbits the Skirmisher (level 3, 0/40 HPs)
             Began as a High Elf Wanderer on Nov 6, 2017.
             Slain by a hobgoblin
             ... wielding a +0 club
              (1 damage)
             ... on level 2 of the Dungeon.
             The game lasted 00:05:41 (366 turns).

tidbits the Skirmisher (High Elf Wanderer)           Turns: 366, Time: 00:05:42

Health: 0/40       AC:  5    Str: 17    XL:     3   Next: 14%
Magic:  5/5        EV: 12    Int: 14    God:
Gold:   71         SH:  0    Dex: 16    Spells: 1 memorised, 2 levels left

rFire  . . .     SeeInvis .     c - +0 spear
rCold  . . .     Gourm    .     B - +0 ring mail
rNeg   . . .     Faith    .     (no shield)
rPois  .         Spirit   .     (no helmet)
rElec  .         Reflect  .     (no cloak)
rCorr  .         Harm     .     (no gloves)
MR     .....                    (no boots)
Stlth  ..........               (no amulet)
                                (no ring)
                                (no ring)

@: berserking (expiring), very quick
A: no striking features
a: no special abilities


You were on level 2 of the Dungeon.
You were not hungry.

You visited 1 branch of the dungeon, and saw 2 of its levels.

You collected 71 gold pieces.

Inventory:

Hand Weapons
 c - a +0 spear (weapon)
 e - a +0 dagger
Missiles
 m - 19 arrows
Armour
 d - a +0 robe
 B - a +0 ring mail (worn)
   (You found it on level 1 of the Dungeon)
Scrolls
 g - a scroll of remove curse
Books
 a - a book of Minor Magic

   Spells                             Type                      Level
   a - Magic Dart                     Conjuration                  1
   b - Blink                          Translocation                2
   c - Call Imp                       Summoning                    2
   d - Repel Missiles                 Charms/Air                   2
   e - Slow                           Hexes                        2
   f - Conjure Flame                  Conjuration/Fire             3
   g - Mephitic Cloud                 Conjuration/Poison/Air       3
Comestibles
 f - a bread ration
 k - a meat ration


   Skills:
 - Level 4.0 Fighting
 - Level 1.0 Armour
 + Level 3.1 Dodging
 - Level 2.1 Stealth
 - Level 1.2 Spellcasting
 - Level 1.2 Charms
   Level 1.1 Transmutations


You had 2 spell levels left.
You knew the following spells:

 Your Spells              Type           Power        Failure   Level  Hunger
m - Repel Missiles        Chrm/Air       #.....       69%         2    ###....


Dungeon Overview and Level Annotations

Branches:
Dungeon (2/15)

Altars:


Message History

The adder closely misses you. The hobgoblin closely misses you.
The adder barely misses you.
A ball python comes into view.
The jackal barks! x2; The ball python hisses angrily.
The frilled lizard hisses angrily.
The jackal barely misses you. The jackal misses you.
The jackal barely misses you. The jackal barely misses you.
The jackal bites you but does no damage.
Found 3 javelins.
The jackal bites you but does no damage.
The jackal closely misses you.
You see here a yellow potion.
It was a potion of berserk rage.
A red film seems to cover your vision as you go berserk!
You feel yourself moving faster!
You feel mighty!
The ball python bites you but does no damage.
The ball python misses you.
The jackal bites you but does no damage.
The adder bites you.
* * * LOW HITPOINT WARNING * * *
You puncture the adder!
The adder is severely wounded.
The jackal barely misses you. The adder misses you.
The frilled lizard bites you but does no damage.
You puncture the adder!
You kill the adder!
The jackal closely misses you. The adder bites you but does no damage.
You completely miss the adder. The jackal barely misses you.
The quokka bites you but does no damage.
The ball python bites you but does no damage.
The ball python grabs you.
* * * LOW HITPOINT WARNING * * *
The ball python constricts you. The adder bites you but does no damage.
The frilled lizard bites you but does no damage.
The quokka bites you but does no damage.
You puncture the adder!
The adder is almost dead.
The jackal bites you but does no damage.
The quokka closely misses you. The adder bites you but does no damage.
The ball python bites you.
* * * LOW HITPOINT WARNING * * *
The ball python constricts you.
The frilled lizard bites you but does no damage.
The quokka bites you.
* * * LOW HITPOINT WARNING * * *
You barely miss the adder.
The adder is almost dead.
The jackal barely misses you. The adder bites you but does no damage.
The quokka bites you but does no damage.
The ball python barely misses you. The ball python constricts you.
You barely miss the adder.
The adder is almost dead.
The jackal barely misses you. The quokka barely misses you.
The frilled lizard barely misses you. The adder closely misses you.
The ball python bites you but does no damage.
The ball python constricts you. The quokka barely misses you.
You closely miss the adder.
The adder is almost dead.
The jackal bites you.
* * * LOW HITPOINT WARNING * * *
The quokka barely misses you.
The goblin unwields an uncursed hunting sling.
The goblin wields an uncursed dagger.
The goblin hits you but does no damage. The frilled lizard bites you.
* * * LOW HITPOINT WARNING * * *
The adder barely misses you. The ball python barely misses you.
The ball python constricts you. The quokka bites you.
* * * LOW HITPOINT WARNING * * *
You closely miss the ball python. The quokka bites you.
* * * LOW HITPOINT WARNING * * *
The goblin hits you but does no damage. The adder closely misses you.
The frilled lizard bites you but does no damage.
You closely miss the ball python. The quokka bites you.
* * * LOW HITPOINT WARNING * * *
The ball python bites you but does no damage.
The ball python constricts you.
The quokka bites you but does no damage.
The hobgoblin hits you but does no damage.
The jackal bites you but does no damage.
The adder barely misses you.
You puncture the ball python!
You kill the ball python!
The quokka barely misses you. The goblin hits you but does no damage.
The frilled lizard misses you.
The quokka bites you but does no damage.
The jackal bites you but does no damage.
You hit the adder.
You kill the adder!
Your Dodging skill increases to level 3!
You have reached level 3!
Your experience leads to an increase in your attributes!
Your base attributes are Str 11, Int 14, Dex 15.
Increase (S)trength, (I)ntelligence, or (D)exterity?
You feel stronger.
You feel agile.
The quokka bites you but does no damage.
The hobgoblin closely misses you. The goblin hits you but does no damage.
The hobgoblin hits you with a club.
You die...

..#.#.####.............###
....#................#..#
.........h..#.........#.#
.h....g.g...##.#
........#.#....gghh...####
.....[.........g@rh......#
...............grl....##..#
.......................# ..
................# .
.............#...
.............###.
..........(..#
............##


You could see 2 quokkas, 3 jackals, 4 hobgoblins, 2 goblins and a frilled
lizard.

Vanquished Creatures
  2 adders (D:2)
  A dart slug (D:2)
  3 bats
  A goblin (D:1)
  A jackal (D:2)
  A ball python (D:2)
  2 frilled lizards (D:1)
  A kobold (D:1)
  4 rats (D:1)
16 creatures vanquished.

Notes
Turn   | Place    | Note
-------+----------+-------------------------------------------
     0 | D:1      | tidbits the High Elf Wanderer began the quest for the Orb.
     0 | D:1      | tidbits set off with: a book of Minor Magic, a potion of curing, a +0 spear, a +0 robe, a +0 dagger, a bread ration
     0 | D:1      | Reached XP level 1. HP: 17/17 MP: 3/3
    76 | D:1      | Reached skill level 1 in Dodging
   220 | D:1      | Reached XP level 2. HP: 20/22 MP: 4/4
   226 | D:1      | Learned a level 2 spell: Repel Missiles
   305 | D:2      | Reached skill level 2 in Dodging
   341 | D:2      | HP: 1/22 [goblin/stone (3)]
   364 | D:2      | HP: 1/33 [quokka (3)]
   366 | D:2      | Reached skill level 3 in Dodging
   366 | D:2      | Reached XP level 3. HP: 1/27 MP: 5/5
   366 | D:2      | Slain by a hobgoblin

Skill      XL: |  1  2 |
---------------+-------+-----
Dodging        | 1 3 |  3.1
Fighting       | |  4.0
Armour         | |  1.0
Stealth        | |  2.1
Spellcasting   | |  1.2
Charms         | |  1.2
Transmutations | |  1.1

Action                   || total
-------------------------++-------
Melee: Spear             ||    43
Throw: Tomahawk          ||     7
 Cast: Repel Missiles    ||     1
  Use: Scroll            ||     4
       Potion            ||     2
 Stab: Sleeping          ||     3
Armor: Ring mail         ||    34
Dodge: Dodged            ||    69
       Deflected         ||     1

Table legend:
 A = Turns spent in this place as a percentage of turns spent in the entire game.
 B = Non-inter-level travel turns spent in this place as a percentage of non-inter-level travel turns spent in the entire game.
 C = Inter-level travel turns spent in this place as a percentage of turns spent in this place.
 D = Turns resting spent in this place as a percentage of non-inter-level travel turns spent in this place.
 E = Turns spent auto-exploring this place as a percentage of non-inter-level travel turns spent in this place.
 F = Non-inter-level travel turns spent in this place divided by the number of levels of this place that you've seen.
                   A       B       C       D       E      F
               +-------+-------+-------+-------+-------+----------------------
         Total | 100.0 | 100.0 |   0.0 |   0.0 |   0.0 | 188.0
       Dungeon | 100.0 | 100.0 |   0.0 |   0.0 |   0.0 | 188.0
               +-------+-------+-------+-------+-------+----------------------

Table legend:
 A = Kills in this place as a percentage of kills in entire the game.
 B = Kills by you in this place as a percentage of kills by you in the entire game.
 C = Kills by friends in this place as a percentage of kills by friends in the entire game.
 D = Other kills in this place as a percentage of other kills in the entire game.
 E = Experience gained in this place as a percentage of experience gained in the entire game.
 F = Experience gained in this place divided by the number of levels of this place that you have seen.
                   A       B       C       D       E      F
               +-------+-------+-------+-------+-------+----------------------
         Total | 100.0 | 100.0 |  -nan |  -nan | 100.0 |  24.5
       Dungeon | 100.0 | 100.0 |  -nan |  -nan | 100.0 |  24.5
               +-------+-------+-------+-------+-------+----------------------

Vault maps used:
D:1:      lordsloth_arrival_two_stooges
D:2:      bloody_trog
